[ AOE2 MATCH · #506659440 ]
UnrankedKoreans vs Wu
Player's team · WIN
Rival team · LOSS
[ REPLAY ANALYSIS · EXTRACTED FROM THE RECORDED GAME ]
Feudal
8:25
Castle
19:47
Imperial
—
| APM avg | 94.1 |
| APM peak | 119 |
| eAPM avg | 32.3 |
| Villagers / military | 59 / 21 |
Focus
⚔️ 37.5% · 🌾 62.5%
Archer ×12 · Knight ×8 · Iron Pagoda ×1
Feudal
8:50
Castle
18:55
Imperial
—
| APM avg | 59.6 |
| APM peak | 122 |
| eAPM avg | 25.6 |
| Villagers / military | 62 / 10 |
Focus
⚔️ 29.8% · 🌾 70.2%
Unknown (1974) ×10 · Militia ×8 · Monk ×1 · Battering Ram ×1
Match map
Initial resources + every placement click. Lines = walls · curves = elevation contours. ◆ gold · ⬟ stone · ● berries · ✦ relic · ◌ wall gap
Your base· Open — 2t gap
wisenatic's base· Open — 4t gap
Smoothed initial terrain · ◌ = detected wall gap · hover for details
Inputs per minute
— Lamo - - wisenatic
Build order — Lamo
First 150 of 166 actions detected
| 0:00 | Queue | Villager (Male) |
| 0:00 | Queue | Villager (Male) |
| 0:00 | Queue | Villager (Male) |
| 0:01 | Build | House |
| 0:02 | Build | House |
| 1:02 | Queue | Villager (Male) |
| 1:02 | Queue | Villager (Male) |
| 1:28 | Queue | Villager (Male) |
| 1:43 | Queue | Villager (Male) |
| 1:52 | Build | Lumber Camp |
| 2:25 | Queue | Villager (Male) |
| 2:35 | Queue | Villager (Male) |
| 3:11 | Queue | Villager (Male) |
| 3:31 | Queue | Villager (Male) |
| 3:41 | Build | House |
| 3:42 | Build | Palisade Wall |
| 3:46 | Queue | Villager (Male) |
| 4:24 | Queue | Villager (Male) |
| 4:24 | Queue | Villager (Male) |
| 4:24 | Queue | Villager (Male) |
| 4:28 | Queue | Villager (Male) |
| 4:28 | Research | Loom |
| 5:47 | Build | Mining Camp |
| 6:14 | Research | Feudal Age |
| 6:40 | Build | Lumber Camp |
| 7:13 | Build | House |
| 7:21 | Build | House |
| 7:21 | Build | Palisade Wall |
| 7:22 | Build | Palisade Wall |
| 7:22 | Build | Palisade Wall |
| 7:37 | Build | Palisade Gate |
| 7:56 | Queue | Villager (Male) |
| 8:08 | Build | Barracks |
| 8:25 | Age | Feudal Age |
| 8:31 | Queue | Villager (Male) |
| 8:50 | Build | Archery Range |
| 9:00 | Queue | Villager (Male) |
| 9:11 | Research | Double-Bit Axe |
| 9:12 | Research | Double-Bit Axe |
| 9:20 | Build | House |
| 9:29 | Queue | Villager (Male) |
| 9:33 | Queue | Archer |
| 9:34 | Queue | Archer |
| 9:48 | Build | House |
| 9:56 | Queue | Villager (Male) |
| 10:04 | Build | Palisade Wall |
| 10:06 | Build | Palisade Wall |
| 10:10 | Build | Palisade Wall |
| 10:14 | Build | Palisade Wall |
| 10:18 | Build | Palisade Wall |
| 10:22 | Queue | Archer |
| 10:25 | Queue | Villager (Male) |
| 10:26 | Build | Palisade Wall |
| 10:29 | Build | Palisade Wall |
| 10:34 | Build | Palisade Gate |
| 10:47 | Queue | Villager (Male) |
| 10:50 | Build | Palisade Wall |
| 10:58 | Queue | Archer |
| 11:09 | Build | House |
| 11:18 | Queue | Archer |
| 11:21 | Build | House |
| 11:26 | Build | Mill |
| 11:28 | Queue | Archer |
| 11:31 | Queue | Villager (Male) |
| 12:02 | Queue | Villager (Male) |
| 12:14 | Build | Blacksmith |
| 12:14 | Queue | Villager (Male) |
| 12:20 | Build | Farm |
| 12:21 | Build | Farm |
| 12:32 | Build | Farm |
| 12:33 | Build | Farm |
| 12:36 | Build | House |
| 12:46 | Queue | Villager (Male) |
| 12:56 | Queue | Villager (Male) |
| 12:56 | Build | Farm |
| 12:58 | Build | Farm |
| 13:04 | Queue | Archer |
| 13:16 | Research | Fletching |
| 13:22 | Queue | Villager (Male) |
| 13:22 | Queue | Villager (Male) |
| 13:27 | Build | Farm |
| 13:31 | Build | Farm |
| 13:39 | Build | Farm |
| 13:45 | Queue | Villager (Male) |
| 13:45 | Queue | Villager (Male) |
| 13:51 | Build | Palisade Wall |
| 13:55 | Build | Palisade Wall |
| 13:57 | Build | Palisade Wall |
| 14:00 | Queue | Villager (Male) |
| 14:15 | Queue | Archer |
| 14:17 | Queue | Villager (Male) |
| 14:32 | Build | Farm |
| 14:51 | Queue | Villager (Male) |
| 14:53 | Queue | Archer |
| 15:16 | Queue | Villager (Male) |
| 15:23 | Build | Farm |
| 15:23 | Build | Farm |
| 15:23 | Build | Farm |
| 15:31 | Queue | Villager (Male) |
| 15:50 | Build | Watch Tower |
| 15:51 | Queue | Villager (Male) |
| 16:08 | Build | Mining Camp |
| 16:34 | Queue | Villager (Male) |
| 17:07 | Research | Castle Age |
| 17:09 | Queue | Archer |
| 17:23 | Build | House |
| 17:23 | Build | House |
| 17:59 | Build | Watch Tower |
| 18:04 | Build | Watch Tower |
| 18:16 | Queue | Villager (Male) |
| 18:27 | Build | Stable |
| 18:55 | Build | Palisade Wall |
| 18:56 | Build | Palisade Wall |
| 19:09 | Research | Scale Barding Armor |
| 19:17 | Build | Palisade Wall |
| 19:20 | Build | Palisade Wall |
| 19:34 | Build | Watch Tower |
| 19:47 | Age | Castle Age |
| 19:49 | Queue | Knight |
| 19:52 | Research | Crossbowman (upgrade) |
| 19:52 | Research | Bodkin Arrow |
| 20:11 | Queue | Villager (Male) |
| 20:30 | Build | Watch Tower |
| 20:31 | Queue | Knight |
| 20:34 | Queue | Villager (Male) |
| 20:52 | Build | Palisade Wall |
| 20:53 | Build | Palisade Wall |
| 20:56 | Build | Palisade Wall |
| 21:06 | Queue | Knight |
| 21:10 | Queue | Villager (Male) |
| 21:20 | Queue | Villager (Male) |
| 21:23 | Queue | Knight |
| 21:26 | Queue | Villager (Male) |
| 21:48 | Queue | Knight |
| 22:01 | Queue | Archer |
| 22:01 | Queue | Archer |
| 22:05 | Queue | Villager (Male) |
| 22:05 | Queue | Villager (Male) |
| 22:24 | Queue | Villager (Male) |
| 22:28 | Build | Siege Workshop |
| 22:33 | Queue | Knight |
| 22:37 | Build | Farm |
| 22:37 | Build | Farm |
| 22:39 | Build | Farm |
| 22:44 | Research | Gold Mining |
| 22:49 | Queue | Villager (Male) |
| 22:49 | Queue | Villager (Male) |
| 22:56 | Queue | Villager (Male) |
| 23:13 | Build | Farm |
| 23:31 | Queue | Villager (Male) |
Build order — wisenatic
First 150 of 152 actions detected
| 0:00 | Queue | Villager (Male) |
| 0:00 | Queue | Villager (Male) |
| 0:01 | Queue | Villager (Male) |
| 0:01 | Queue | Villager (Male) |
| 0:02 | Build | House |
| 0:04 | Build | House |
| 1:27 | Queue | Villager (Male) |
| 1:48 | Queue | Villager (Male) |
| 1:48 | Queue | Villager (Male) |
| 2:11 | Build | Lumber Camp |
| 2:21 | Queue | Villager (Male) |
| 2:46 | Queue | Villager (Male) |
| 2:46 | Queue | Villager (Male) |
| 2:46 | Queue | Villager (Male) |
| 3:09 | Queue | Villager (Male) |
| 3:31 | Queue | Villager (Male) |
| 3:51 | Build | House |
| 3:58 | Build | House |
| 4:06 | Queue | Villager (Male) |
| 4:06 | Queue | Villager (Male) |
| 4:21 | Build | House |
| 4:36 | Queue | Villager (Male) |
| 4:37 | Queue | Villager (Male) |
| 4:55 | Queue | Villager (Male) |
| 4:55 | Queue | Villager (Male) |
| 5:35 | Build | Barracks |
| 6:33 | Research | Feudal Age |
| 6:33 | Research | Feudal Age |
| 6:33 | Research | Feudal Age |
| 6:40 | Build | Mining Camp |
| 7:17 | Queue | Militia |
| 7:18 | Queue | Militia |
| 7:51 | Queue | Militia |
| 8:08 | Queue | Militia ×5 |
| 8:20 | Build | Mill |
| 8:50 | Age | Feudal Age |
| 8:55 | Research | Man-at-Arms (upgrade) |
| 8:58 | Queue | Villager (Male) |
| 8:58 | Queue | Villager (Male) |
| 9:00 | Research | Double-Bit Axe |
| 9:00 | Research | Double-Bit Axe |
| 9:05 | Build | House |
| 9:18 | Queue | Villager (Male) |
| 9:22 | Research | Loom |
| 9:40 | Build | Farm |
| 9:41 | Queue | Villager (Male) |
| 9:45 | Research | Horse Collar |
| 9:45 | Research | Horse Collar |
| 9:45 | Research | Horse Collar |
| 9:50 | Build | Farm |
| 10:19 | Queue | Villager (Male) |
| 10:27 | Build | Farm |
| 10:35 | Queue | Villager (Male) |
| 10:48 | Queue | Villager (Male) |
| 10:50 | Build | Farm |
| 11:02 | Build | Farm |
| 11:13 | Queue | Villager (Male) |
| 11:33 | Queue | Villager (Male) |
| 11:58 | Queue | Villager (Male) |
| 12:09 | Queue | Villager (Male) |
| 12:10 | Build | Farm |
| 12:15 | Build | Farm |
| 12:18 | Build | Farm |
| 12:23 | Build | Farm |
| 12:26 | Build | House |
| 12:34 | Build | Palisade Wall |
| 12:38 | Build | Farm |
| 12:41 | Build | Farm |
| 12:46 | Build | Palisade Wall |
| 12:52 | Build | Palisade Wall |
| 12:54 | Build | Palisade Wall |
| 12:58 | Queue | Villager (Male) |
| 13:07 | Build | Palisade Wall |
| 13:18 | Build | Farm |
| 13:25 | Queue | Villager (Male) |
| 14:02 | Queue | Villager (Male) |
| 14:04 | Build | Blacksmith |
| 14:10 | Build | Palisade Wall |
| 14:17 | Queue | Villager (Male) |
| 14:20 | Build | House |
| 14:34 | Queue | Villager (Male) |
| 14:58 | Build | Market |
| 15:21 | Queue | Villager (Male) |
| 15:37 | Build | Market |
| 15:50 | Queue | Villager (Male) |
| 16:07 | Research | Castle Age |
| 16:07 | Research | Castle Age |
| 16:07 | Research | Castle Age |
| 16:16 | Build | Lumber Camp |
| 17:00 | Build | Farm |
| 17:20 | Build | Barracks |
| 17:27 | Build | Farm |
| 17:30 | Build | Farm |
| 17:40 | Build | House |
| 17:42 | Build | House |
| 17:46 | Queue | Villager (Male) |
| 17:53 | Build | House |
| 17:55 | Build | House |
| 18:00 | Build | Farm |
| 18:55 | Age | Castle Age |
| 18:58 | Build | Siege Workshop |
| 19:01 | Build | Siege Workshop |
| 19:09 | Queue | Villager (Male) |
| 19:13 | Build | Town Center |
| 19:23 | Research | Squires |
| 19:24 | Queue | Unit 1974 ×5 |
| 19:26 | Research | Scale Mail Armor |
| 19:27 | Queue | Villager (Male) |
| 19:43 | Queue | Battering Ram |
| 20:08 | Queue | Villager (Male) |
| 20:15 | Build | House |
| 20:18 | Build | House |
| 20:22 | Queue | Unit 1974 |
| 20:29 | Build | Lumber Camp |
| 20:39 | Build | House |
| 21:26 | Queue | Villager (Male) |
| 21:38 | Queue | Villager (Male) |
| 21:42 | Queue | Villager (Male) |
| 21:42 | Queue | Villager (Male) |
| 21:43 | Queue | Villager (Male) |
| 21:44 | Build | Monastery |
| 21:56 | Queue | Villager (Male) |
| 21:57 | Queue | Villager (Male) |
| 21:57 | Queue | Villager (Male) |
| 22:16 | Queue | Villager (Male) |
| 22:21 | Queue | Monk |
| 22:37 | Build | Farm |
| 22:39 | Build | Farm |
| 22:58 | Queue | Villager (Male) |
| 22:58 | Queue | Villager (Male) |
| 23:06 | Queue | Unit 1974 |
| 23:10 | Queue | Unit 1974 |
| 23:10 | Queue | Unit 1974 |
| 23:11 | Queue | Villager (Male) |
| 23:14 | Build | House |
| 23:46 | Queue | Villager (Male) |
| 23:46 | Queue | Villager (Male) |
| 23:46 | Queue | Villager (Male) |
| 23:51 | Research | Town Watch |
| 23:56 | Build | Farm |
| 23:56 | Build | Farm |
| 24:35 | Queue | Villager (Male) |
| 24:35 | Queue | Villager (Male) |
| 24:36 | Queue | Villager (Male) |
| 24:36 | Queue | Villager (Male) |
| 24:38 | Queue | Unit 1974 |
| 24:58 | Build | House |
| 25:00 | Build | House |
| 25:03 | Build | Palisade Wall |
| 25:09 | Queue | Villager (Male) |
Match timeline
| 3:42 | Lamo · wall_segment Palisade Wall x2 |
| 5:35 | wisenatic · first_building Barracks |
| 7:21 | Lamo · wall_segment Palisade Wall x1 |
| 7:22 | Lamo · wall_segment Palisade Wall x1 |
| 7:22 | Lamo · wall_segment Palisade Wall x1 |
| 8:08 | Lamo · first_building Barracks |
| 8:25 | Lamo · age_up feudal |
| 8:50 | wisenatic · age_up feudal |
| 8:50 | Lamo · first_building Archery Range |
| 10:04 | Lamo · wall_segment Palisade Wall x2 |
| 10:06 | Lamo · wall_segment Palisade Wall x1 |
| 10:10 | Lamo · wall_segment Palisade Wall x1 |
| 10:14 | Lamo · wall_segment Palisade Wall x1 |
| 10:18 | Lamo · wall_segment Palisade Wall x1 |
| 10:26 | Lamo · wall_segment Palisade Wall x1 |
| 10:29 | Lamo · wall_segment Palisade Wall x1 |
| 10:50 | Lamo · wall_segment Palisade Wall x1 |
| 12:34 | wisenatic · wall_segment Palisade Wall x4 |
| 12:46 | wisenatic · wall_segment Palisade Wall x1 |
| 12:52 | wisenatic · wall_segment Palisade Wall x1 |
| 12:54 | wisenatic · wall_segment Palisade Wall x3 |
| 13:07 | wisenatic · wall_segment Palisade Wall x9 |
| 13:51 | Lamo · wall_segment Palisade Wall x1 |
| 13:55 | Lamo · wall_segment Palisade Wall x13 |
| 13:57 | Lamo · wall_segment Palisade Wall x5 |
| 14:10 | wisenatic · wall_segment Palisade Wall x1 |
| 18:27 | Lamo · first_building Stable |
| 18:34 | wisenatic · first_market_sell 100 food |
| 18:55 | Lamo · wall_segment Palisade Wall x2 |
| 18:55 | wisenatic · age_up castle |
| 18:56 | Lamo · wall_segment Palisade Wall x2 |
| 18:58 | wisenatic · first_building Siege Workshop |
| 19:17 | Lamo · wall_segment Palisade Wall x2 |
| 19:20 | Lamo · wall_segment Palisade Wall x2 |
| 19:47 | Lamo · age_up castle |
| 20:52 | Lamo · wall_segment Palisade Wall x2 |
| 20:53 | Lamo · wall_segment Palisade Wall x1 |
| 20:56 | Lamo · wall_segment Palisade Wall x1 |
| 21:44 | wisenatic · first_building Monastery |
| 22:28 | Lamo · first_building Siege Workshop |
| 25:03 | wisenatic · wall_segment Palisade Wall x1 |
| 25:28 | Lamo · wall_segment Stone Wall x2 |
| 25:36 | wisenatic · resign |
[ AI ANALYSIS · 1 CREDIT ]
What really happened in this match?
Wolo.gg analyzes every decision: build order, eco, micro, common mistakes by bracket. Personalized analysis on WhatsApp or Discord in 30 seconds.
Civ guide
Koreans
Perfil
Lamo